 Dungeon Sprint DCSS version 0.21.1-1-g345015f (webtiles) character file.

1935 Fang the Cleaver (level 8, -2/89 HPs)
             Began as a Minotaur Berserker on Apr 27, 2018.
             Was an Elder of Trog.
             Killed from afar by a deep elf mage (34 damage)
             ... with a bolt of cold
             ... in the Dungeon (Sprint V: "Ziggurat Sprint").
             The game lasted 00:01:07 (168 turns).

Fang the Cleaver (Minotaur Berserker)                Turns: 168, Time: 00:01:08

Health: -2/89      AC: 18    Str: 29    XL:     8   Next: 97%
Magic:  7/7        EV: 12    Int:  4    God:    Trog [****..]
Gold:   0          SH:  0    Dex: 11    Spells: 7/7 levels left

rFire    . . .     SeeInvis .   l - +5 demon trident
rCold    . . .     Gourm    .   (no shield)
rNeg     . . .     Faith    .   j - +5 shadow dragon scales
rPois    .         Spirit   .   (helmet restricted)
rElec    .         Reflect  .   (no cloak)
rCorr    .         Harm     .   (no gloves)
MR       .....     NoTele   +   (no boots)
Stlth    ++........             (no amulet)
HPRegen  0.24/turn              G - ring of flight
MPRegen  0.10/turn              F - +6 ring of strength

@: berserk cooldown, slowed, very slow
A: retaliatory headbutt, horns 2
a: Berserk, Trog's Hand, Brothers in Arms, Burn Spellbooks, Renounce Religion,
Evoke Flight


You were in the Dungeon.
You worshipped Trog.
Trog was greatly pleased with you.
You were not hungry.

You visited 1 branch

Inventory:

Hand Weapons
 k - a +5 executioner's axe
 l - a +5 demon trident (weapon)
Armour
 j - +5 shadow dragon scales (worn)
Jewellery
 B - a +6 ring of dexterity
 F - a +6 ring of strength (right hand)
 G - a ring of flight (left hand)
Wands
 x - a wand of disintegration (7)
 y - a wand of iceblast (7)
 z - a wand of acid (7)
Scrolls
 i - 4 scrolls of blinking
 m - 7 scrolls of fog
 n - a scroll of holy word
 o - 5 scrolls of identify
 p - 5 scrolls of remove curse
 q - 2 scrolls of fear
Potions
 d - 10 potions of curing
 e - 10 potions of heal wounds
 f - 6 potions of haste
 g - 7 potions of magic
 h - 3 potions of berserk rage
 r - 2 potions of brilliance
 s - 2 potions of invisibility
 t - 4 potions of resistance
 u - a potion of experience
 v - 5 potions of agility
 w - 5 potions of might
Comestibles
 a - 5 chunks of flesh
 c - 7 rations


   Skills:
 + Level 14.1 Fighting
 + Level 14.2(14.8) Axes
 + Level 7.0(11.6) Polearms
 + Level 8.2 Armour
 + Level 7.3 Dodging


You had 7 spell levels left.
You didn't know any spells.

Dungeon Overview and Level Annotations

Branches:
Dungeon (1/1)

Altars:
Ashenzari
Cheibriados
Dithmenos
Elyvilon
Fedhas
Gozag
Hepliaklqana
Kikubaaqudgha
Makhleb
Nemelex Xobeh
Okawaru
Qazlal
Ru
Sif Muna
Trog
Uskayaw
Vehumet
Wu Jian
Xom
Yredelemnul
Zin
The Shining One
Beogh
Jiyva
Lugonu

Annotations:
D 1 transporter


Innate Abilities, Weirdness & Mutations

You reflexively headbutt those who attack you in melee.
You have a pair of horns on your head.


Message History

Unknown command.
The deep elf mage gestures wildly while chanting.
The deep elf mage blinks!
The ice beast hits you but does no damage.
You impale the ice beast!!
You kill the ice beast!
Unknown command.
You feel a strong urge to attack something.
You are no longer berserk.
You are exhausted.
You feel yourself slow down. The deep elf mage closely misses you.
You furiously retaliate!
You headbutt the deep elf mage!
The deep elf mage gestures at you while chanting.
The bolt of cold misses you.
Unknown command.
The deep elf mage mumbles some strange words.
The deep elf mage blinks!
The deep elf mage casts a spell at you. The bolt of cold hits you!
You die...

▓▓▓▓▓▓▓▓▓▓▓▓▓▓▓▓▓▓▓
▓.8©8.▓.8©8.▓.8©8.▓
▓.)[=.▓.|)..▓.....▓
▓..:..▓.....▓.).|.▓
▓.@§..▓.....▓.....▓
▓....e▓.....▓.....▓
▓.))..▓.....▓..©..▓
▓..©).▓..©..▓▓▓▓▓▓▓
▓▓▓▓▓▓▓▓▓▓▓▓▓


You could see a deep elf mage.

Vanquished Creatures
  A dancing weapon (D)
  2 deep elf magi (D)
  A rime drake (D)
  A swamp drake (D)
  3 scorpions (D)
8 creatures vanquished.

Notes
Turn   | Place    | Note
-------+----------+-------------------------------------------
     0 | D        | Found the +6 Majin-Bo {vamp, Archmagi MP+6 Int+6}
     0 | D        | Found the +7 great mace "Firestarter" {inner flame, rF++}
     0 | D        | Fang the Minotaur Berserker began the quest for the Orb.
     0 | D        | Reached XP level 1. HP: 19/19 MP: 0/0
     3 | D        | Found a blossoming altar of Fedhas.
     4 | D        | Found a viscous altar of Jiyva.
     4 | D        | Found a hazy altar of Hepliaklqana.
     4 | D        | Found a transporter.
     4 | D        | Found an opulent altar of Gozag.
     4 | D        | Found an ancient bone altar of Kikubaaqudgha.
     4 | D        | Found a corrupted altar of Lugonu.
    10 | D        | Found a burning altar of Makhleb.
    11 | D        | Found a stormy altar of Qazlal.
    11 | D        | Found a sacrificial altar of Ru.
    11 | D        | Found an iron altar of Okawaru.
    11 | D        | Found a deep blue altar of Sif Muna.
    11 | D        | Found a sparkling altar of Nemelex Xobeh.
    11 | D        | Found a bloodstained altar of Trog.
    74 | D        | Entered arena 2.
    74 | D        | Noticed a rime drake
    74 | D        | Noticed a swamp drake
    74 | D        | Found a transporter.
    77 | D        | Killed a swamp drake
    77 | D        | Reached skill level 1 in Polearms
    77 | D        | Reached XP level 2. HP: 34/34 MP: 1/1
    77 | D        | Reached XP level 3. HP: 39/39 MP: 2/2
    77 | D        | Reached XP level 4. HP: 47/47 MP: 3/3
    83 | D        | Killed a rime drake
    83 | D        | Reached skill level 10 in Fighting
    83 | D        | Reached skill level 10 in Axes
    83 | D        | Reached skill level 5 in Armour
    83 | D        | Reached skill level 5 in Dodging
    83 | D        | Reached XP level 5. HP: 59/59 MP: 4/4
    83 | D        | Reached XP level 6. HP: 67/67 MP: 5/5
   129 | D        | Entered arena 3.
   129 | D        | Found a transporter.
   132 | D        | Reached ** piety under Trog
   139 | D        | Reached *** piety under Trog
   143 | D        | Entered arena 4.
   143 | D        | Noticed a deep elf mage
   143 | D        | Noticed a long sword of holy wrath
   143 | D        | Noticed a deep elf mage
   143 | D        | Noticed a deep elf mage
   143 | D        | Found a transporter.
   149 | D        | Killed a deep elf mage
   149 | D        | Reached XP level 7. HP: 45/78 MP: 6/6
   152 | D        | Killed a long sword of holy wrath
   152 | D        | Reached **** piety under Trog
   152 | D        | Reached XP level 8. HP: 51/88 MP: 7/7
   157 | D        | Killed a deep elf mage
   168 | D        | Killed from afar by a deep elf mage

Skill      XL: |  1  2  3  4  5  6  7  8 |
---------------+-------------------------+-----
Fighting       | 7 10 12 13 14 | 14.1
Axes           | 7 10 12 13 14 | 14.2
Polearms       | 1 2 4 6 7 |  7.0
Armour         | 4 5 7 8 |  8.2
Dodging        | 3 5 6 7 |  7.3

Action                   |  1- 3 |  4- 6 |  7- 9 || total
-------------------------+-------+-------+-------++-------
Melee: Demon trident     |     2 |    15 |    11 ||    28
       Headbutt          |     1 |     3 |     4 ||     8
Invok: Berserk           |     1 |     1 |       ||     2
       Burn Spellbooks   |       |     1 |       ||     1
Armor: Shadow dragon sca |       |     2 |     7 ||     9
Dodge: Dodged            |     1 |     3 |     5 ||     9
